 Dungeon Crawl Stone Soup version 0.25-a0-1113-g0499d652a8 (webtiles) character file.

Game seed: 15699380937844984831, levelgen mode: deterministic

42 Esekla the Magician (level 3, 0/22 HPs)
             Began as an Octopode Wizard on May 16, 2020.
             Slain by an orc wizard
             ... wielding a +0 dagger
              (4 damage)
             ... on level 5 of the Dungeon.
             The game lasted 00:13:29 (2203 turns).

Esekla the Magician (Octopode Wizard)               Turns: 2203, Time: 00:13:30

Health: 0/22       AC:  1    Str:  7    XL:     3   Next: 56%
Magic:  0/8        EV: 13    Int: 20    God:
Gold:   76         SH:  0    Dex: 10    Spells: 0/9 levels left

rFire    . . .     SeeInvis +   g - +0 short sword
rCold    . . .     Gourm    .   (no shield)
rNeg     . . .     Faith    .   a - +0 hat
rPois    .         Spirit   .   (no amulet)
rElec    .         Reflect  .   j - ring of see invisible
rCorr    .         Harm     .   (no ring)
MR       .....                  (no ring)
Stlth    +++.......             (no ring)
HPRegen  0.07/turn              (no ring)
MPRegen  0.11/turn              (no ring)
                                (no ring)
                                (no ring)

@: very slightly contaminated
A: almost no armour, stealthy swim, amphibious, 8 rings, constrict 8, camouflage
1, gelatinous body 1
a: no special abilities


You were on level 5 of the Dungeon.
You were not hungry.

You visited 1 branch of the dungeon, and saw 5 of its levels.

You collected 76 gold pieces.

Inventory:

Hand Weapons
 e - a +0 hand axe
 g - a +0 short sword (weapon)
 l - a +0 spear
Armour
 a - a +0 hat (worn)
Jewellery
 j - a ring of see invisible (left tentacle)
Scrolls
 b - 2 scrolls of teleportation {unknown}
 d - 3 scrolls of identify {unknown}
 f - a scroll of amnesia {unknown}
 i - a scroll of blinking {unknown}
Potions
 h - a potion of lignification {unknown}
 k - a potion of brilliance {unknown}
Comestibles
 c - 2 rations


   Skills:
 * Level 0.9 Fighting
 + Level 2.1 Dodging
 - Level 2.6 Stealth
 * Level 3.8 Spellcasting
 * Level 1.3 Conjurations
   Level 1.0 Summonings
 * Level 1.2 Translocations


You couldn't memorise any spells.
You knew the following spells:

 Your Spells              Type           Power        Failure   Level  Hunger
a - Magic Dart            Conj           #...         8%          1    None
b - Blink                 Tloc           N/A          12%         2    ##.....
c - Mephitic Cloud        Conj/Pois/Air  #.......     32%         3    ###....
f - Conjure Flame         Conj/Fire      #.......     30%         3    ###....

Your spell library contained the following spells:

 Spells                   Type           Power        Failure   Level  Hunger
 Call Imp                 Summ           #.......     13%         2    ##.....
 Slow                     Hex            #.......     21%         2    ##.....


Dungeon Overview and Level Annotations

Branches:
Dungeon (5/15)
 Temple: D:4-7

Altars:


Innate Abilities, Weirdness & Mutations

You cannot wear most types of armour.
You are very stealthy in the water. (Stealth+)
You are amphibious.
You can wear up to eight rings at the same time.
You can use your tentacles to constrict eight enemies at once.
Your skin changes colour to match your surroundings (Stealth+).
Your rubbery body absorbs attacks. (AC +1, EV +1)


Message History

You are very lightly contaminated with residual magic.
Nothing appears to happen.
Casting: Mephitic Cloud (extremely dangerous; 32% risk of failure)
Confirm with . or Enter, or press ? or * to list all spells.
You don't know that spell.
Unknown command.
Casting: Mephitic Cloud (extremely dangerous; 32% risk of failure)
Confirm with . or Enter, or press ? or * to list all spells.
You don't have enough magic to cast that spell.
Unknown command.
The orc priest invokes the aid of Beogh against you.
Beogh smites you!
Casting: Mephitic Cloud (extremely dangerous; 32% risk of failure)
Confirm with . or Enter, or press ? or * to list all spells.
You miscast Blink.
Nothing appears to happen.
The orc wizard casts a spell at you. The puff of frost hits you.
* * * LOW HITPOINT WARNING * * *
The orc wizard hits you with a +0 dagger.
You die...

....... ......#
#########.....
.......<#....
####......#.#
#......#.##
...........#
#.#......#.#.#####
..(..........oo@.#
#(#......#.#.#####
..............
............
.#.......####
.######.# #. #.


You could see an orc priest and an orc wizard.

Vanquished Creatures
  An adder (D:2)
  A worm (D:2)
  A dart slug (D:2)
  2 leopard geckos
  2 ball pythons
  3 goblins
  3 hobgoblins
  2 jackals (D:1)
  6 kobolds
  2 bats (D:1)
  3 rats (D:1)
26 creatures vanquished.

Notes
Turn   | Place    | Note
-------+----------+-------------------------------------------
     0 | D:1      | Esekla the Octopode Wizard began the quest for the Orb.
     0 | D:1      | Reached XP level 1. HP: 11/11 MP: 4/4
   479 | D:1      | Reached XP level 2. HP: 13/17 MP: 6/6
   786 | D:1      | Learned a level 2 spell: Blink
   997 | D:2      | Reached XP level 3. HP: 22/22 MP: 8/8
  1002 | D:2      | Learned a level 3 spell: Mephitic Cloud
  1006 | D:2      | Learned a level 3 spell: Conjure Flame
  1530 | D:3      | Found a faded altar of an unknown god.
  2193 | D:5      | Entered Level 5 of the Dungeon
  2203 | D:5      | Slain by an orc wizard

Illustrated notes

Levels and vault maps discovered:
D:1:      enne_arrival_octagon_isle, layout_basic,
          chequers_serial_rivers_micro_b, st_stairs_5
D:2:      layout_basic, lemuel_another_geyser
D:3:      layout_loops_cross, chequers_ecumenical_altar_island
D:4:      layout_layer_cave, kennysheep_little_box, first_ration, uniq_natasha
D:5:      minmay_opposing_rooms, layout_basic, marbit_many_paths, serial_glass,
          glass_columns_a, glass_columns_a, glass_columns_c, glass_columns_b,
          glass_columns_a, glass_columns_c, glass_columns_b, glass_columns_b,
          glass_columns_a, glass_columns_b, glass_columns_b, glass_columns_c,
          glass_columns_c, glass_columns_a, palyth_stone_intersect,
          dk_noncrumbling_3

Action                   || total
-------------------------++-------
Melee: Hand axe          ||    10
       Constrict         ||    13
       Tentacles         ||     4
       Short sword       ||    23
 Cast: Magic Dart        ||    49
       Blink             ||     3
  Eat: Ration            ||     1
       Chunk             ||     1
Armor: Skin              ||     7
Dodge: Dodged            ||    38

Table legend:
 A = Non-vault XP
 B = Vault XP
 C = Vault XP percentage of total XP
 D = Non-vault monster count
 E = Vault monster count
 F = Vault count percentage of total count
                 A         B        C        D         E       F
            +---------+---------+-------+---------+---------+-------
      Total |      58 |       3 |   4.9 |      25 |       1 |   3.8
            +---------+---------+-------+---------+---------+-------
        D:1 |      19 |       3 |  13.6 |      13 |       1 |   7.1
        D:2 |      36 |       0 |   0.0 |      10 |       0 |   0.0
        D:3 |       3 |       0 |   0.0 |       2 |       0 |   0.0
            +---------+---------+-------+---------+---------+-------
